[Event "fics rated crazyhouse match"]
[Site "fics, Oklahoma City, OK USA"]
[Date "2000.03.07"]
[White "LordPixel"]
[WhiteElo "2471"]
[Black "Eyefor"]
[BlackElo "2361"]
[TimeControl "0+1"]
[Result "1-0"]

1. e4 Nf6 2. Nc3 d5 3. exd5 Nxd5 4. d4 e6 5. Nxd5 exd5 6. Nf3 
Nc6 7. Be2 P@h3 8. N@f4 hxg2 9. Nxg2 P@h3 10. Nf4 N@g2+ 11. Nxg2 hxg2 
12. Rg1 N@h4 13. N@c3 Nxf3+ 14. Bxf3 N@b4 15. N@e3 Nxc2+ 16. Nxc2 P@e4 17. Bxg2 
Bf5 18. Ne3 Be6 19. P@f5 Bd7 20. Ncxd5 Bxf5 21. P@e7 Bxe7 22. Nxf5 Qxd5 
23. Nxg7+ Kd8 24. N@c3 Bb4 25. B@h4+ Kc8 26. Qg4+ P@e6 27. Qxe4 Qxd4 28. Qxd4 
N@c2+ 29. Kf1 N2xd4 30. Bxc6 P@e2+ 31. Nxe2 Q@e1+ 32. Kg2 Nxc6 33. Rxe1 P@f3+ 
34. Kg1 Bxe1 35. P@d7+ Kb8 36. N@g5 R@g6 37. P@e7 Nxe7 38. Ne8 Rxg5+ 39. Bcxg5 
N@h3+ 40. Kf1 fxe2+ 41. Kxe1 N@c2+ 42. Kxe2 P@f3+ 43. Kd1 Nxa1 44. R@c8+ Nxc8 
45. dxc8=R+ Kxc8 46. Q@d8# 
{Eyefor checkmated} 1-0

[Event "fics rated crazyhouse match"]
[Site "fics, Oklahoma City, OK USA"]
[Date "2000.03.07"]
[White "Eyefor"]
[WhiteElo "2355"]
[Black "LordPixel"]
[BlackElo "2477"]
[TimeControl "0+1"]
[Result "1-0"]

1. e4 e6 2. d4 d6 3. Nf3 Nf6 4. Bd3 Be7 5. e5 Ng4 6. Qe2 
Nc6 7. exd6 Bxd6 8. P@c5 Nxd4 9. Nxd4 Bxc5 10. Qxg4 Qxd4 11. Qxd4 Bxd4 
12. N@d6+ cxd6 13. N@c7+ Kd8 14. Nxa8 Bxf2+ 15. Kxf2 N@g4+ 16. Ke1 Q@f2+ 17. Kd1 
N@e3+ 18. Bxe3 P@e2+ 19. Bxe2 Nxe3+ 20. Kc1 P@d2+ 21. Nxd2 Qxe2 22. Q@c7+ Ke8 
23. R@d8# 
{LordPixel checkmated} 1-0

[Event "fics rated crazyhouse match"]
[Site "fics, Oklahoma City, OK USA"]
[Date "2000.03.07"]
[White "LordPixel"]
[WhiteElo "2466"]
[Black "Eyefor"]
[BlackElo "2366"]
[TimeControl "0+1"]
[Result "0-1"]

1. e4 Nf6 2. e5 Nd5 3. d4 Nc6 4. Nf3 e6 5. Bg5 Bb4+ 6. Nbd2 
Bxd2+ 7. Qxd2 N@e4 8. Bxd8 Nxd2 9. Nxd2 Nxd4 10. Q@c5 Q@b4 11. B@a3 Qxc5 
12. Bxc5 Nxc2+ 13. Kd1 Nxa1 14. Q@c1 P@c2+ 15. Qxc2 Nxc2 16. Bxc7 Q@e1+ 17. Kxc2 
Q@d1+ 18. Kd3 Qexd2+ 19. Kc4 Qa4+ 20. b4 N@b2# 
{LordPixel checkmated} 0-1

[Event "fics rated crazyhouse match"]
[Site "fics, Oklahoma City, OK USA"]
[Date "2000.03.07"]
[White "LordPixel"]
[WhiteElo "2462"]
[Black "Eyefor"]
[BlackElo "2370"]
[TimeControl "0+1"]
[Result "0-1"]

1. e4 Nf6 2. Nc3 d5 3. exd5 Nxd5 4. d4 e6 5. Nxd5 exd5 6. Nf3 
Nc6 7. Be2 P@h3 8. N@f4 hxg2 9. Nxg2 P@h3 10. Nf4 N@g2+ 11. Nxg2 hxg2 
12. Rg1 N@h4 13. N@c3 Bb4 14. Nxh4 Qxh4 15. Rxg2 Qxd4 16. N@b5 Qxd1+ 17. Kxd1 
Q@h1+ 18. Q@g1 Qxg1+ 19. Rxg1 Kf8 20. Rxg7 Q@h1+ 21. Q@f1 Qxf1+ 22. Bxf1 N@g4 
23. Rxf7+ Kxf7 24. Q@f4+ Q@f5 25. Qxc7+ Kg8 26. P@f7+ Qxf7 27. Qxf7+ Kxf7 28. Q@f4+ 
R@f6 29. Qc7+ Kg8 30. P@g7 Nxf2+ 31. Ke2 Q@f3+ 32. Kd2 Ne4+ 33. Ke1 Qxf1# 
{LordPixel checkmated} 0-1

[Event "fics rated crazyhouse match"]
[Site "fics, Oklahoma City, OK USA"]
[Date "2000.03.07"]
[White "Eyefor"]
[WhiteElo "2380"]
[Black "LordPixel"]
[BlackElo "2452"]
[TimeControl "0+1"]
[Result "1-0"]

1. e4 e6 2. d4 d6 3. Nf3 Nf6 4. Bd3 Nc6 5. c3 d5 6. e5 
Ne4 7. O-O Be7 8. Qc2 f5 9. exf6 Nxf6 10. P@g5 Ng4 11. Bxh7 Rxh7 
12. Qxh7 P@e4 13. R@g8+ Bf8 14. Qxg7 Qe7 15. Qxe7+ Nxe7 16. Rxf8+ Kxf8 17. Q@d8+ 
R@e8 18. P@g7+ Kf7 19. B@h5+ B@g6 20. Bxg6+ Nxg6 21. Qxc7+ Re7 22. Qg3 Nxf2 
23. P@f6 exf3 24. Qxf2 N@e2+ 25. Kh1 fxg2+ 26. Qxg2 Nxc1 27. N@h6+ Ke8 28. g8=Q+ 
Kd7 29. fxe7 Nxe7 30. R@d8+ Kc6 31. Qe8+ P@d7 32. Rxc1 B@e3 33. Qxe7 B@d6 
34. N@e5+ Kb5 35. a4+ Ka6 36. Qe2+ P@c4 37. Qxd6+ b6 38. N@c5+ Ka5 39. P@b4# 
{LordPixel checkmated} 1-0

[Event "fics rated crazyhouse match"]
[Site "fics, Oklahoma City, OK USA"]
[Date "2000.03.07"]
[White "LordPixel"]
[WhiteElo "2442"]
[Black "Eyefor"]
[BlackElo "2390"]
[TimeControl "0+1"]
[Result "1-0"]

1. e4 Nf6 2. Nc3 e6 3. e5 Nd5 4. d4 Bb4 5. Bd2 Nxc3 6. bxc3 
N@b2 7. Qb1 Bxc3 8. Bxc3 Na4 9. N@b5 P@a6 10. B@g5 Nxc3 11. Bxd8 B@d2+ 
12. Kxd2 Nxb1+ 13. Rxb1 Kxd8 14. B@g5+ f6 15. exf6 B@a5+ 16. Kc1 Q@e1+ 17. Kb2 
gxf6 18. P@e7+ Ke8 19. Q@d8+ Kf7 20. e8=Q+ Rxe8 21. Qxf6+ Kg8 22. N@h6# 
{Eyefor checkmated} 1-0

[Event "fics rated crazyhouse match"]
[Site "fics, Oklahoma City, OK USA"]
[Date "2000.03.07"]
[White "Eyefor"]
[WhiteElo "2383"]
[Black "LordPixel"]
[BlackElo "2449"]
[TimeControl "0+1"]
[Result "0-1"]

1. e4 e6 2. d4 d6 3. Nf3 Nf6 4. Bd3 Nc6 5. c3 e5 6. d5 
Nb8 7. h3 Nbd7 8. Ng5 Nc5 9. Be3 Nxd3+ 10. Qxd3 h6 11. Nxf7 Kxf7 
12. P@e6+ Kg8 13. N@f7 Qe7 14. Nxd6 Qxd6 15. P@f7+ Kh7 16. Bxh6 N@c5 17. Qf3 
N@d3+ 18. Kf1 Nfxe4 19. P@b4 gxh6 20. bxc5 Qxd5 21. Qxe4+ Qxe4 22. N@f6+ Kg6 
23. Kg1 Q@f1+ 24. Kxf1 Qe1# 
{Eyefor checkmated} 0-1

[Event "fics rated crazyhouse match"]
[Site "fics, Oklahoma City, OK USA"]
[Date "2000.03.07"]
[White "LordPixel"]
[WhiteElo "2456"]
[Black "Eyefor"]
[BlackElo "2376"]
[TimeControl "0+1"]
[Result "0-1"]

1. e4 e6 2. d4 d6 3. Nf3 Nf6 4. Bd3 Be7 5. e5 Ng4 6. Qe2 
Nc6 7. exd6 Bxd6 8. P@c5 Bxh2 9. Nxh2 Nxh2 10. Rxh2 Nxd4 11. B@a4+ P@c6 
12. Qg4 N@f5 13. Bxf5 Nxf5 14. N@e5 Qd4 15. Qxd4 Nxd4 16. Nc3 Q@g1+ 17. N@f1 
P@f6 18. Nxf7 Kxf7 19. Q@h1 Qxh1 20. Rxh1 Q@e5+ 21. Ne3 Qxc5 22. P@g6+ Kxg6 
23. Q@f4 P@e5 24. Qh2 N@f3+ 25. gxf3 Nxf3+ 26. Kd1 Nxh2 27. N@h4+ Kf7 28. Rxh2 
Q@g1+ 29. N@f1 B@h5+ 30. Ke1 P@f3 31. Nhf5 P@e2 32. Nxe2 fxe2 33. Ng3 exf1=Q+ 
34. Nexf1 N@f3+ 35. Kd1 Qd4+ 36. P@d3 Nxh2+ 37. Nxh5 Qxf1+ 38. B@e1 P@e2+ 39. Kd2 
R@d1# 
{LordPixel checkmated} 0-1

[Event "fics rated crazyhouse match"]
[Site "fics, Oklahoma City, OK USA"]
[Date "2000.03.07"]
[White "LordPixel"]
[WhiteElo "2453"]
[Black "Eyefor"]
[BlackElo "2379"]
[TimeControl "0+1"]
[Result "1-0"]

1. e4 e6 2. d4 d6 3. Nf3 Nf6 4. Bd3 Nc6 5. c3 d5 6. e5 
Ne4 7. O-O Be7 8. Qe2 f5 9. exf6 Nxf6 10. P@f7+ Kxf7 11. Ng5+ Kg8 
12. Nxe6 Bxe6 13. Qxe6+ P@f7 14. Qe2 P@e4 15. Bb5 Bd6 16. Bxc6 bxc6 17. N@e5 
B@b5 18. Qc2 N@e2+ 19. Kh1 Bxe5 20. dxe5 Ng4 21. B@g5 Qe8 22. P@b7 Rb8 
23. B@h5 Nxc1 24. Bxg4 Bxf1 25. Qxc1 Bxg2+ 26. Kxg2 N@d3 27. N@h6+ gxh6 28. N@f6+ 
Kf8 29. B@g7+ Kxg7 30. Bxh6+ Kg6 31. Qg5# 
{Eyefor checkmated} 1-0

[Event "fics rated crazyhouse match"]
[Site "fics, Oklahoma City, OK USA"]
[Date "2000.03.07"]
[White "Eyefor"]
[WhiteElo "2373"]
[Black "LordPixel"]
[BlackElo "2459"]
[TimeControl "0+1"]
[Result "0-1"]

1. e4 e6 2. d4 d6 3. Nc3 Nf6 4. Nf3 Be7 5. Be2 Nc6 6. h3 
O-O 7. Ng5 h6 8. Nf3 Bd7 9. Bf4 d5 10. exd5 Nxd5 11. P@h7+ Kxh7 
12. Nxd5 exd5 13. N@c5 Bxc5 14. dxc5 Kh8 15. Qxd5 N@b4 16. Qd1 N@e4 17. P@d5 
Nxc5 18. dxc6 Bxc6 19. N@f5 Qxd1+ 20. Kxd1 P@d3 21. Bxd3 Ncxd3 22. cxd3 Q@c2+ 
23. Ke1 Nxd3+ 24. Kf1 Qxf2# 
{Eyefor checkmated} 0-1

[Event "fics rated crazyhouse match"]
[Site "fics, Oklahoma City, OK USA"]
[Date "2000.03.07"]
[White "LordPixel"]
[WhiteElo "2465"]
[Black "Eyefor"]
[BlackElo "2367"]
[TimeControl "0+1"]
[Result "1-0"]

1. e4 Nf6 2. Nc3 d5 3. exd5 Nxd5 4. Nf3 e6 5. d4 Nxc3 6. bxc3 
N@e4 7. P@b2 Nxf2 8. Kxf2 P@e4 9. Ng5 Qf6+ 10. Ke2 P@f5 11. N@e5 Be7 
12. N@b5 Na6 13. Nexf7 Rf8 14. Ne5 Qxg5 15. Bxg5 Bxg5 16. Q@h5+ N@f7 17. Nxf7 
B@g4+ 18. Qxg4 fxg4 19. N@d6+ Ke7 20. Ke1 Q@e3+ 21. Be2 Rxf7 22. Nxf7 Kxf7 
23. B@f2 Qxf2+ 24. Kxf2 N@e3 25. Q@h5+ B@g6 26. Qxg5 Nxd1+ 27. Raxd1 N@a4 28. N@e5+ 
Kg8 29. R@d8+ Q@e8 30. Nxg6 Bd7 31. Rxe8+ Rxe8 32. Q@h8+ Kf7 33. Ne5# 
{Eyefor checkmated} 1-0

[Event "fics rated crazyhouse match"]
[Site "fics, Oklahoma City, OK USA"]
[Date "2000.03.07"]
[White "Eyefor"]
[WhiteElo "2361"]
[Black "LordPixel"]
[BlackElo "2471"]
[TimeControl "0+1"]
[Result "1-0"]

1. e4 Nf6 2. Nc3 d5 3. exd5 Nxd5 4. d4 e6 5. Nxd5 exd5 6. Nf3 
Nc6 7. Be2 P@h3 8. N@f4 hxg2 9. Nxg2 Bb4+ 10. Bd2 N@e4 11. Bxb4 Nxb4 
12. B@a4+ P@c6 13. P@d3 Nxf2 14. Kxf2 P@e4 15. dxe4 dxe4 16. Ne5 Nd3+ 17. Nxd3 
Qxd4+ 18. Ke1 exd3 19. P@f2 Qe4 20. N@d6+ cxd6 21. N@c7+ Kd8 22. Qxd3 B@a5+ 
23. P@c3 Qxd3 24. cxd3 Bxc7 25. Q@g5+ Q@f6 26. Qxf6+ gxf6 27. Q@g7 P@d2+ 28. Kxd2 
Q@g5+ 29. Qxg5 fxg5 30. Q@f6+ Q@e7 31. Qxh8+ N@f8 32. P@f6 Qe8 33. R@e7 Qxe7 
34. fxe7+ Kd7 35. exf8=N+ Ke7 36. N@d5+ cxd5 37. Q@f6# 
{LordPixel checkmated} 1-0

[Event "fics rated crazyhouse match"]
[Site "fics, Oklahoma City, OK USA"]
[Date "2000.03.07"]
[White "LordPixel"]
[WhiteElo "2461"]
[Black "Eyefor"]
[BlackElo "2371"]
[TimeControl "0+1"]
[Result "1-0"]

1. e4 Nf6 2. Nc3 d5 3. exd5 Nxd5 4. Nf3 e6 5. d4 Nxc3 6. bxc3 
N@e4 7. P@b2 Nxf2 8. Kxf2 P@e4 9. Bb5+ P@c6 10. Bg5 f6 11. Ne5 fxg5 
12. Bxc6+ Nxc6 13. Qh5+ B@g6 14. P@f7+ Ke7 15. Qxg5+ B@f6 16. Qxf6+ gxf6 17. B@c5+ 
Q@d6 18. Bxd6+ cxd6 19. N@g8+ Rxg8 20. Nxc6+ bxc6 21. fxg8=Q e3+ 22. Ke2 N@f4+ 
23. Kxe3 B@f7 24. Qh8 N@c4+ 25. Kf2 Bxc2 26. R@h4 P@g5 27. Rxf4 gxf4 28. N@g4 
R@g6 29. Qxh7 Nxb2 30. N@h8 Nd3+ 31. Kg1 P@f2+ 32. Nxf2 Rxg2+ 33. Kxg2 Ne1+ 
34. Raxe1 P@f3+ 35. Kg1 Bxh7 36. N@d5+ cxd5 37. N@c6+ Ke8 38. Nxd8 Kxd8 39. Nxf7+ 
Ke8 40. R@d8+ Kxf7 41. Q@e8+ Kg7 42. Qxf8+ Kg6 43. Q@h6+ Kf5 44. Qhxf6# 
{Eyefor checkmated} 1-0

[Event "fics rated crazyhouse match"]
[Site "fics, Oklahoma City, OK USA"]
[Date "2000.03.07"]
[White "Eyefor"]
[WhiteElo "2365"]
[Black "LordPixel"]
[BlackElo "2467"]
[TimeControl "0+1"]
[Result "1-0"]

1. d4 e6 2. Nc3 d6 3. e4 Nf6 4. Bb5+ Bd7 5. Bg5 e5 6. Bxf6 
Qxf6 7. N@d5 Qd8 8. dxe5 dxe5 9. P@e6 fxe6 10. Qh5+ P@f7 11. Qxe5 P@d6 
12. P@e7 dxe5 13. exd8=Q+ Kxd8 14. Q@g5+ Kc8 15. Nxc7 Kxc7 16. Qxe5+ B@d6 17. Qh5 
N@b4 18. Bd3 P@d2+ 19. Kxd2 Q@f4+ 20. Ke1 Nxd3+ 21. cxd3 B@d2+ 22. Ke2 Bxc3 
23. bxc3 N@c2 24. Nh3 Qf6 25. Rac1 g6 26. Qa5+ b6 27. P@g5 Qd8 28. N@b5+ 
Bxb5 29. Qxb5 Na3 30. Qb3 N@a5 31. Qd1 Kc8 32. Ke1 Qc7 33. B@f6 Be5 
34. Bxh8 Bxh8 35. R@e8+ B@d8 36. Rxf8 Bxc3+ 37. P@d2 P@c2 38. Rxc2 Nxc2+ 39. Qxc2 
R@a1+ 40. N@d1 Rxd1+ 41. Kxd1 N@b2+ 42. Ke2 Nxd3 43. Qxd3 Bb4 44. Rxd8+ Qxd8 
45. Qxd8+ Kxd8 46. R@e8+ Kxe8 47. N@f6+ Kd8 48. Q@e8+ Kc7 49. B@f4+ R@d6 50. Qxf7+ 
Kc8 51. Bxd6 P@d3+ 52. Kf3 Q@e2+ 53. Kg3 Bxd6+ 54. P@f4 Bxf4+ 55. Nxf4 P@h4+ 
56. Kxh4 Qxf2+ 57. B@g3 R@h6+ 58. gxh6 P@g5+ 59. Kh3 g4+ 60. Nxg4 Qxg3+ 61. hxg3 
B@d7 62. R@d8+ Kxd8 63. Nxe6+ Bxe6 64. Q@c7# 
{LordPixel checkmated} 1-0

[Event "fics rated crazyhouse match"]
[Site "fics, Oklahoma City, OK USA"]
[Date "2000.03.07"]
[White "LordPixel"]
[WhiteElo "2436"]
[Black "Eyefor"]
[BlackElo "2396"]
[TimeControl "0+1"]
[Result "1-0"]

1. e4 e6 2. d4 d6 3. Nf3 Nf6 4. Bd3 Nc6 5. c3 d5 6. e5 
Ne4 7. O-O Be7 8. Qc2 f5 9. exf6 Nxf6 10. P@g5 Ng4 11. Bxh7 Rxh7 
12. Qxh7 P@e4 13. R@g8+ Bf8 14. Qxg7 Qe7 15. Qxe7+ Nxe7 16. Rxf8+ Kxf8 17. Q@d8+ 
R@e8 18. P@g7+ Kf7 19. B@h5+ B@g6 20. Bxg6+ Nxg6 21. Qxc7+ Re7 22. Qg3 exf3 
23. Qxf3+ Kxg7 24. P@f6+ Kg8 25. fxe7 Q@e8 26. R@d8 B@f7 27. Rxe8+ Bxe8 28. Q@f8+ 
Nxf8 29. exf8=Q+ Kh7 30. B@g8+ Kg6 31. Q3f7+ Bxf7 32. Qxf7# 
{Eyefor checkmated} 1-0

[Event "fics rated crazyhouse match"]
[Site "fics, Oklahoma City, OK USA"]
[Date "2000.03.07"]
[White "Eyefor"]
[WhiteElo "2389"]
[Black "LordPixel"]
[BlackElo "2443"]
[TimeControl "0+1"]
[Result "0-1"]

1. e4 e6 2. d4 d6 3. Nc3 Nf6 4. Nf3 Be7 5. Be2 Nc6 6. O-O 
e5 7. d5 Nb8 8. Ng5 Rf8 9. Be3 h6 10. Nf3 Ng4 11. Qd2 Nxe3 
12. fxe3 B@b4 13. N@h5 Rg8 14. Bb5+ Nd7 15. Bxd7+ Bxd7 16. N@h7 B@g6 17. Nxe5 
dxe5 18. Rxf7 Bxf7 19. Qd1 R@h1+ 20. Kxh1 N@f2+ 21. Kg1 Nxd1 22. Nxd1 Bxh5 
23. P@f2 N@e2+ 24. Kh1 Q@g1# 
{Eyefor checkmated} 0-1

[Event "fics rated crazyhouse match"]
[Site "fics, Oklahoma City, OK USA"]
[Date "2000.03.07"]
[White "Eyefor"]
[WhiteElo "2392"]
[Black "LordPixel"]
[BlackElo "2440"]
[TimeControl "0+1"]
[Result "1-0"]

1. e4 Nf6 2. Nc3 d5 3. exd5 Nxd5 4. d4 e6 5. Nxd5 exd5 6. Nf3 
Nc6 7. Be2 P@h3 8. N@f4 hxg2 9. Nxg2 P@h3 10. Nf4 N@g2+ 11. Nxg2 hxg2 
12. Rg1 N@h4 13. N@c3 Nxf3+ 14. Bxf3 N@b4 15. N@e3 Nxc2+ 16. Nxc2 P@e4 17. Bxg2 
Bf5 18. Ne3 Be6 19. P@f5 Bd7 20. N@f4 Ne7 21. P@e6 fxe6 22. fxe6 Bxe6 
23. Nxe6 Qd6 24. Ncxd5 Nxd5 25. Nxd5 N@d3+ 26. Qxd3 exd3 27. Nexc7+ Kf7 28. N@g5+ 
Kg6 29. B@f7+ Kf5 30. Be4# 
{LordPixel checkmated} 1-0

[Event "fics rated crazyhouse match"]
[Site "fics, Oklahoma City, OK USA"]
[Date "2000.03.07"]
[White "LordPixel"]
[WhiteElo "2431"]
[Black "Eyefor"]
[BlackElo "2401"]
[TimeControl "0+1"]
[Result "1-0"]

1. e4 Nf6 2. Nc3 d5 3. exd5 Nxd5 4. d4 e6 5. Nxd5 exd5 6. Nf3 
Nc6 7. Be2 P@h3 8. N@f4 hxg2 9. Nxg2 P@h3 10. Nf4 N@g2+ 11. Nxg2 hxg2 
12. Rg1 N@h4 13. N@c3 Bb4 14. Nxh4 Qxh4 15. Rxg2 Qxd4 16. N@b5 Bxc3+ 17. Nxc3 
Qxd1+ 18. Kxd1 Q@h1+ 19. B@f1 N@g4 20. Nxd5 Nxf2+ 21. Ke1 N@e6 22. Nxc7+ Nxc7 
23. Q@e3+ N@e4 24. Rxf2 P@e5 25. Bf3 Nxf2 26. N@d6+ Ke7 27. Qxf2 R@f6 28. N@f5+ 
Bxf5 29. Bxh1 Bxc2 30. Bg5 P@d2+ 31. Kxd2 N@g4 32. Qg3 Kxd6 33. Bxf6 Nxf6 
34. Qxg7 P@c3+ 35. bxc3 B@e3+ 36. Kxc2 N@a3+ 37. Kd1 Ncd5 38. R@d3 Ke7 39. P@d6+ 
Ke6 40. Bh3+ Kxd6 41. Qxf6+ P@e6 42. Bxd5 Bd4 43. cxd4 exd4 44. Bxc6 Kxc6 
45. Rxa3 P@b2 46. Q@g2+ B@d5 47. Qxb2 Rhf8 48. Qbxd4 Kc7 49. Qe7+ Kc8 50. N@d6+ 
Kb8 51. P@c7# 
{Eyefor checkmated} 1-0

[Event "fics rated crazyhouse match"]
[Site "fics, Oklahoma City, OK USA"]
[Date "2000.03.07"]
[White "Eyefor"]
[WhiteElo "2394"]
[Black "LordPixel"]
[BlackElo "2438"]
[TimeControl "0+1"]
[Result "1-0"]

1. e4 Nf6 2. Nc3 e6 3. e5 Nd5 4. d4 Bb4 5. Bd2 Nxc3 6. bxc3 
N@b2 7. Qb1 Bxc3 8. Bxc3 Na4 9. Ne2 P@e4 10. B@b5 Nxc3 11. Nxc3 B@a5 
12. N@e2 a6 13. Bc4 Bxc3+ 14. Nxc3 Nc6 15. Nxe4 Nxd4 16. P@f6 N@a3 17. N@d6+ 
Kf8 18. B@e7+ Kg8 19. Bxd8 Ndxc2+ 20. Kd1 P@e2+ 21. Bfxe2 Nxb1 22. Q@e8# 
{LordPixel forfeits on time} 1-0

[Event "fics rated crazyhouse match"]
[Site "fics, Oklahoma City, OK USA"]
[Date "2001.03.07"]
[White "Sunsetter"]
[WhiteElo "2358"]
[Black "DesX"]
[BlackElo "2267"]
[TimeControl "180+0"]
[Result "1-0"]

1. e4 e5 2. Nf3 Nc6 3. Bb5 Be7 4. Bxc6 dxc6 5. Nxe5 Nf6 6. d3 
O-O 7. P@h6 gxh6 8. Bxh6 P@g7 9. Be3 B@d6 10. Nf3 Bg4 11. Nbd2 Bxf3 
12. Nxf3 Ng4 13. N@f5 Nxe3 14. fxe3 B@g6 15. N3d4 Bh4+ 16. P@f2 Qg5 17. Nxh4 
Qxh4 18. B@h3 N@g5 19. B@g3 Bxg3 20. hxg3 Nxh3 21. gxh4 Nxf2 22. Kxf2 N@h5 
23. N@f5 P@g3+ 24. Nxg3 Nxg3 25. Kxg3 N@h5+ 26. Qxh5 Bxh5 27. N@f6+ Kh8 28. N@f4 
B@e5 29. Nxh5 Bxf4+ 30. exf4 B@e3 31. Nf5 Q@f2+ 32. Kh3 Bxf4 33. N@g4 Qxc2 
34. Nxf4 N@f2+ 35. Nxf2 Qxf2 36. B@e5 P@g4+ 37. Kxg4 f6 38. N@g6+ hxg6 39. Nxg6+ 
Kg8 40. P@h7+ Kf7 41. P@e6+ Kxe6 42. Q@e7# 
{DesX checkmated} 1-0

[Event "fics rated crazyhouse match"]
[Site "fics, Oklahoma City, OK USA"]
[Date "2001.03.07"]
[White "DesX"]
[WhiteElo "2261"]
[Black "Sunsetter"]
[BlackElo "2364"]
[TimeControl "180+0"]
[Result "0-1"]

1. d4 Nf6 2. Nf3 e6 3. Bf4 d6 4. e3 Be7 5. Bd3 Nc6 6. O-O 
Bd7 7. Nbd2 Nh5 8. Qe2 Nxf4 9. exf4 Bf6 10. N@h5 Nxd4 11. Nxd4 Bxd4 
12. Nf3 Bxb2 13. Ng5 P@g6 14. Nxf7 Kxf7 15. N@g5+ Ke7 16. P@e5 gxh5 17. Qxh5 
P@g6 18. Bxg6 hxg6 19. Qxg6 N@e2+ 20. Kh1 N@g3+ 21. fxg3 Nxg3+ 22. Kg1 B@e3+ 
23. P@f2 N@e2# 
{DesX checkmated} 0-1

[Event "fics rated crazyhouse match"]
[Site "fics, Oklahoma City, OK USA"]
[Date "2001.03.07"]
[White "Sunsetter"]
[WhiteElo "2370"]
[Black "DesX"]
[BlackElo "2255"]
[TimeControl "180+0"]
[Result "1-0"]

1. Nf3 Nc6 2. d4 d5 3. e3 Nf6 4. Bd3 Bg4 5. Nbd2 e6 6. Rg1 
Bd6 7. Rh1 O-O 8. Be2 Ne4 9. Nb1 f6 10. Bd2 Qe7 11. Nc3 Rae8 
12. Nxe4 dxe4 13. Nh4 Bxe2 14. Qxe2 f5 15. B@g3 B@f6 16. Qh5 N@g4 17. N@d5 
exd5 18. Nxf5 Qf7 19. Qxg4 N@a6 20. N@h6+ Kh8 21. Nxf7+ Rxf7 22. Bxd6 cxd6 
23. B@h5 B@g6 24. Bxg6 hxg6 25. Nxd6 Rff8 26. Qxg6 B@h7 27. Qxh7+ Kxh7 28. P@g6+ 
Kxg6 29. B@f5+ Kh6 30. Q@g6# 
{DesX checkmated} 1-0

[Event "fics rated crazyhouse match"]
[Site "fics, Oklahoma City, OK USA"]
[Date "2001.03.07"]
[White "DesX"]
[WhiteElo "2250"]
[Black "Sunsetter"]
[BlackElo "2375"]
[TimeControl "180+0"]
[Result "1-0"]

1. d4 Nf6 2. Nc3 d5 3. Bf4 Bf5 4. Nf3 e6 5. e3 Bd6 6. Ne5 
O-O 7. Bd3 Ne4 8. O-O Nc6 9. f3 Nxc3 10. bxc3 Bxd3 11. cxd3 Bxe5 
12. dxe5 N@g5 13. N@h5 N@f5 14. B@f6 Nxf3+ 15. Qxf3 gxf6 16. exf6 B@c5 17. Qg4+ 
B@g6 18. Qxf5 P@h6 19. N@g4 Bxe3+ 20. Bxe3 P@g7 21. fxg7 Bxh5 22. Nxh6+ Kxg7 
23. B@f6+ Qxf6 24. Qxf6# 
{Sunsetter checkmated} 1-0

[Event "fics rated crazyhouse match"]
[Site "fics, Oklahoma City, OK USA"]
[Date "2001.03.07"]
[White "Sunsetter"]
[WhiteElo "2364"]
[Black "DesX"]
[BlackElo "2261"]
[TimeControl "180+0"]
[Result "1-0"]

1. e4 e5 2. Bc4 Nc6 3. d3 d6 4. Qh5 g6 5. Qe2 Bg7 6. Be3 
Nf6 7. Nd2 O-O 8. Ndf3 Ng4 9. Bg5 Qe8 10. Bb5 h6 11. Bxc6 bxc6 
12. N@e7+ Kh8 13. Bh4 B@f6 14. Nxc8 Qxc8 15. Rb1 Bxh4 16. Nxh4 N@d4 17. Qd2 
B@g5 18. B@e3 Bxh4 19. Bxd4 exd4 20. B@g3 Bxg3 21. hxg3 B@g5 22. Qxg5 B@a5+ 
23. Qxa5 N@e5 24. N@e7 Qe6 25. B@h4 Nxf2 26. Kxf2 Ng4+ 27. Ke2 f6 28. Nxg6+ 
Kg8 29. N@e7+ Kf7 30. P@f5 Qd7 31. B@e6# 
{DesX resigns} 1-0

[Event "fics rated crazyhouse match"]
[Site "fics, Oklahoma City, OK USA"]
[Date "2001.03.07"]
[White "DesX"]
[WhiteElo "2255"]
[Black "Sunsetter"]
[BlackElo "2370"]
[TimeControl "180+0"]
[Result "0-1"]

1. d4 Nc6 2. Nf3 Nf6 3. Nc3 d5 4. Bf4 Bg4 5. e3 Ne4 6. Bd3 
Nxc3 7. bxc3 N@b2 8. Qd2 Bxf3 9. gxf3 N@g2+ 10. Ke2 Nxf4+ 11. exf4 Nxd3 
12. cxd3 e6 13. N@e5 Nxe5 14. dxe5 d4 15. B@g5 dxc3 16. Qxc3 N@b5 17. Qd2 
Nd4+ 18. Kf1 Nxf3 19. Qe2 Nxg5 20. fxg5 P@g2+ 21. Kxg2 Qxg5+ 22. N@g3 B@d5+ 
23. P@e4 Qxe5 24. N@g4 Qf4 25. P@d7+ Kxd7 26. N@e5+ Ke8 27. exd5 exd5 28. Nxf7+ 
P@e4 29. P@d7+ Kxf7 30. N@e5+ Kg8 31. dxe4 P@f3+ 32. Nxf3 Qxf3+ 33. Qxf3 N@h4+ 
34. Kf1 B@a6+ 35. B@e2 N@d2+ 36. Ke1 Ndxf3+ 37. Bxf3 Nxf3+ 38. Kd1 Q@d2# 
{DesX checkmated} 0-1

[Event "fics rated crazyhouse match"]
[Site "fics, Oklahoma City, OK USA"]
[Date "2001.03.07"]
[White "Sunsetter"]
[WhiteElo "2375"]
[Black "DesX"]
[BlackElo "2250"]
[TimeControl "180+0"]
[Result "1-0"]

1. d4 d5 2. Nf3 Nf6 3. e3 e6 4. Bb5+ c6 5. Bd3 Bd6 6. Nc3 
O-O 7. Bd2 Ne4 8. Bxe4 dxe4 9. Nxe4 Bc7 10. Bb4 f5 11. P@e7 fxe4 
12. exf8=Q+ Qxf8 13. Bxf8 exf3 14. N@h6# 
{DesX resigns} 1-0

[Event "fics rated crazyhouse match"]
[Site "fics, Oklahoma City, OK USA"]
[Date "2001.03.07"]
[White "DesX"]
[WhiteElo "2245"]
[Black "Sunsetter"]
[BlackElo "2380"]
[TimeControl "180+0"]
[Result "1-0"]

1. d4 Nf6 2. Nf3 e6 3. Bf4 d6 4. e3 Be7 5. Bd3 Nc6 6. O-O 
Rb8 7. Nbd2 Nh5 8. Bg3 Nxg3 9. fxg3 e5 10. dxe5 Nxe5 11. Nxe5 dxe5 
12. N@h5 B@f6 13. Nxf6+ Bxf6 14. N@h5 Bd7 15. Nxf6+ gxf6 16. B@g7 P@f2+ 17. Rxf2 
N@g4 18. Bxh8 Nxf2 19. Kxf2 N@g4+ 20. Kg1 R@h1+ 21. Kxh1 Nf2+ 22. Kg1 Nxd1 
23. R@g8+ N@f8 24. Rxf8+ Kxf8 25. B@g7+ Ke7 26. Bxf6+ Ke6 27. P@f5+ Kd5 28. Be4+ 
Kd6 29. N@c4+ Kc5 30. N@b3+ Kb5 31. a4+ Kb4 32. P@c3+ Nxc3 33. bxc3+ Kxc3 
34. P@b2+ Kb4 35. c3# 
{Sunsetter checkmated} 1-0

[Event "fics rated crazyhouse match"]
[Site "fics, Oklahoma City, OK USA"]
[Date "2001.03.07"]
[White "Sunsetter"]
[WhiteElo "2369"]
[Black "DesX"]
[BlackElo "2256"]
[TimeControl "180+0"]
[Result "1-0"]

1. d4 d5 2. Bf4 Nf6 3. e3 e6 4. Nd2 Bd6 5. Bxd6 cxd6 6. Bb5+ 
Nc6 7. Bxc6+ bxc6 8. Nh3 O-O 9. B@h4 B@e7 10. Rg1 Ne4 11. Bxe7 Qxe7 
12. Nxe4 dxe4 13. N@c3 f5 14. B@g5 B@f6 15. Bxf6 gxf6 16. N@h6+ Kh8 17. Rb1 
B@g7 18. B@f4 e5 19. dxe5 fxe5 20. Bg5 P@f6 21. P@f4 fxg5 22. fxg5 B@a6 
23. P@f6 Bxf6 24. gxf6 Qxf6 25. B@g5 Qg7 26. Qxd6 N@c4 27. Qxc6 P@d2+ 28. Kd1 
B@d7 29. Qxa8 P@d3 30. Nxf5 Bxf5 31. P@h6 dxc2+ 32. Kxc2 N@b4+ 33. Kb3 Na5+ 
34. Kxb4 P@c5+ 35. Kxa5 Qc7+ 36. Ka4 Bcd7+ 37. Ka3 Rxa8 38. Bf6+ Kg8 39. R@g7+ 
Kf8 40. Be7+ Ke8 41. N@f6# 
{DesX checkmated} 1-0

[Event "fics rated crazyhouse match"]
[Site "fics, Oklahoma City, OK USA"]
[Date "2001.03.07"]
[White "DesX"]
[WhiteElo "2251"]
[Black "Sunsetter"]
[BlackElo "2375"]
[TimeControl "180+0"]
[Result "1-0"]

1. d4 Nf6 2. Nf3 e6 3. Bf4 Be7 4. e3 d6 5. Bd3 Nc6 6. O-O 
Bd7 7. Nbd2 Nh5 8. Bg3 Nxg3 9. fxg3 e5 10. dxe5 Nxe5 11. Nxe5 dxe5 
12. N@h5 Bf6 13. Ne4 B@e7 14. Nexf6+ Bxf6 15. Nxf6+ gxf6 16. B@g7 Rg8 17. Bxf6 
Rxg3 18. hxg3 N@e7 19. P@g7 P@f2+ 20. Rxf2 N@e6 21. Bxe7 Qxe7 22. g8=Q+ B@f8 
23. N@f6+ Kd8 24. Nxd7 Qxd7 25. N@f6 Qe7 26. Bb5+ N@d6 27. R@e8+ Qxe8 28. Nxe8 
R@e1+ 29. Qxe1 Nxb5 30. Qxf7 N@c5 31. Rd1+ B@d6 32. B@h4+ Kc8 33. Nxd6+ Bxd6 
34. P@d7+ Nxd7 35. Q@e8+ N@d8 36. Qfxd7+ Kb8 37. Qdxd8+ Nxd8 38. Qxd8# 
{Sunsetter checkmated} 1-0